 Dungeon Crawl Stone Soup version 0.20.1-1-g8b1a95d (webtiles) character file.

20276 Andry07 the Basher (level 12, -2/81 HPs)
             Began as a Gargoyle Fighter on Oct 8, 2017.
             Was a High Priest of Okawaru.
             Engulfed by a cloud of freezing vapour (10 damage)
             ... in an ice cave.
             The game lasted 00:36:20 (17088 turns).

Andry07 the Basher (Gargoyle Fighter)              Turns: 17088, Time: 00:36:20

Health: -2/81      AC: 36    Str: 23    XL:     12   Next: 77%
Magic:  11/12      EV: 10    Int: 22    God:    Okawaru [*****.]
Gold:   641        SH: 12    Dex:  9    Spells: 11/11 levels left

rFire    x . .     SeeInvis .   w - +2 flail (venom)
rCold    . . .     Gourm    .   c - +0 shield
rNeg     + . .     Faith    .   U - +3 chain mail
rPois    ∞         Spirit   .   C - +1 helmet
rElec    +         Reflect  .   T - +2 cloak {MR+}
rCorr    .         Harm     .   P - +0 pair of gloves of Esemmouv {rF- MR++ Regen+ Int+8} (curse)
MR       +++..                  g - +0 pair of boots
Stlth    ..........             G - amulet of magic regeneration
Regen    0.7/turn               N - +5 ring of intelligence
MPRegen  0.2/turn               (no ring)

@: about to teleport, heroism, hasted, very quick
A: dopey 1, mutation resistance 1, negative energy resistance 1, electricity
resistance, unbreathing, petrification resistance, rot immunity, AC +8
a: Heroism, Finesse, Renounce Religion


You were in an ice cave.
You worshipped Okawaru.
Okawaru was extremely pleased with you.
You were hungry.

You visited 3 branches of the dungeon, and saw 14 of its levels.
You also visited: Sewer, Ossuary and Ice Cave.

You collected 641 gold pieces.

Inventory:

Hand Weapons
 a - a +0 flail
 w - a +2 flail of venom (weapon)
Missiles
 j - 5 silver tomahawks (quivered)
Armour
 c - a +0 shield (worn)
 g - a +0 pair of boots (worn)
 n - a +2 pair of gloves
 C - a +1 helmet (worn)
 P - the cursed +0 pair of gloves of Esemmouv (worn) {rF- MR++ Regen+ Int+8}
   (You found it in an ice cave)

   It affects your intelligence (+8).
   It makes you vulnerable to fire.
   It affects your resistance to hostile enchantments.
   It increases your rate of regeneration.
   It has a curse placed upon it.
 T - a +2 cloak of magic resistance (worn)
 U - a +3 chain mail (worn)
Jewellery
 G - an amulet of magic regeneration (around neck)
 N - a +5 ring of intelligence (left hand)
Wands
 l - a wand of iceblast (5/15)
 x - a wand of iceblast (6/15)
 B - a wand of iceblast (5/15)
 Q - a wand of iceblast (11/15)
 R - a wand of flame (15/48)
Scrolls
 b - 3 scrolls of random uselessness {unknown}
 e - 5 scrolls of enchant weapon
 h - 2 scrolls of fear
 k - 2 scrolls of fog {unknown}
 o - 3 scrolls of immolation
 p - 7 scrolls of magic mapping
 s - 2 scrolls of teleportation
 A - 2 scrolls of enchant armour {unknown}
 E - 5 scrolls of remove curse
 H - 4 scrolls of recharging
 I - 3 scrolls of summoning {unknown}
 W - a scroll of acquirement {unknown}
Potions
 d - 3 potions of might
 i - 3 potions of flight
 m - 4 potions of lignification
 r - 3 potions of curing
 t - 2 potions of agility
 u - 3 potions of haste
 D - a potion of berserk rage {unknown}
 F - a potion of degeneration {unknown}
 J - a potion of magic {unknown}
 K - 2 potions of cancellation
 L - 4 potions of resistance
 O - 2 potions of brilliance
Books
 q - a book of Annihilations

   Spells                             Type                      Level
   a - Poison Arrow                   Conjuration/Poison           6
   b - Chain Lightning                Conjuration/Air              8
   c - Lehudib's Crystal Spear        Conjuration/Earth            8
   d - Glaciate                       Conjuration/Ice              9
   e - Fire Storm                     Conjuration/Fire             9
 y - a book of Conjurations

   Spells                             Type                      Level
   a - Magic Dart                     Conjuration                  1
   b - Searing Ray                    Conjuration                  2
   c - Dazzling Spray                 Conjuration/Hexes            3
   d - Fulminant Prism                Conjuration/Hexes            4
   e - Force Lance                    Conjuration/Translocation    4
   f - Iskenderun's Mystic Blast      Conjuration                  4
 M - a book of Minor Magic

   Spells                             Type                      Level
   a - Magic Dart                     Conjuration                  1
   b - Blink                          Translocation                2
   c - Call Imp                       Summoning                    2
   d - Slow                           Hexes                        2
   e - Conjure Flame                  Conjuration/Fire             3
   f - Mephitic Cloud                 Conjuration/Poison/Air       3
Comestibles
 f - a bread ration
 v - 6 meat rations


   Skills:
 - Level 12.0(17.0) Fighting
 - Level 13.0(18.0) Maces & Flails
 + Level 12.3(17.3) Armour
 * Level 6.6(11.6) Shields


You had 11 spell levels left.
You didn't know any spells.

Dungeon Overview and Level Annotations

Branches:
Dungeon (10/15)            Temple (1/1) D:4            Lair (3/6) D:9
 Spider (0/4) Lair:2
  Swamp: Lair:2-4    Shoals: Lair:2-4       Orc: D:9-12

Altars:
Ashenzari
Cheibriados
Dithmenos
Elyvilon
Fedhas
Gozag
Hepliaklqana
Kikubaaqudgha
Makhleb
Nemelex Xobeh
Okawaru
Qazlal
Ru
Sif Muna
Trog
Uskayaw
Vehumet
Xom
Yredelemnul
Zin
The Shining One
Lugonu

Shops:
D:7 :

Annotations:
D:5 Xenomina's ghost, novice DgFi


Innate Abilities, Weirdness & Mutations

You are resistant to torment.
Your stone body is resilient. (AC +8)
You are immune to poison.
You resist negative energy. (rN+)
You are resistant to electric shocks. (rElec)
You can survive without breathing.
You are immune to petrification.
You are immune to rotting.
You are dopey. (Int -2)
You are somewhat resistant to further mutation.


Message History

You are engulfed in freezing vapours.
The ice devil closely misses you.
You are feeling hungry.
You barely miss the ice devil.
The ice devil is moderately wounded.
You are engulfed in freezing vapours.
The ice devil barely misses you.
You hit the ice devil.
The ice devil is poisoned.
The ice devil is moderately wounded.
You are engulfed in freezing vapours.
The ice devil hits you but does no damage.
You hit the ice devil.
The ice devil looks as sick as possible!
The ice devil is moderately wounded.
You are engulfed in freezing vapours.
The ice devil hits you!
* * * LOW HITPOINT WARNING * * *
The ice devil freezes you!
* * * LOW HITPOINT WARNING * * *
Okay, then.
As you read the scroll of teleportation, it crumbles to dust.
You feel strangely unstable.
You are engulfed in freezing vapours.
You die...

##...# #...##
##.§#
####..§#
##§§#.§##
##§§.#§§#
#§§§§§§.#
##§§##§..#
#§4@###§.#
#.4##.#.##
#§§#....##
§§§#
#§§##....#
.§.#
##§§#....#
4..§
#§§##...##4..
##§.#.[##.§#
#.§####.§#
##§###..§#


You could see 2 ice devils.

Vanquished Creatures
  Gastronok (Lair:2)
  The ghost of Andry07 the Fighter, a journeyman GrFi (Lair:1)
  3 hydras (Lair:2)
  A two-headed ogre (D:9)
  5 death yaks
  2 ice statues (IceCv)
  A black mamba (Lair:2)
  3 spiny frogs
  A rime drake (Lair:2)
  4 ice devils (IceCv)
  A troll (D:6)
  8 yaks
  Grum (D:8)
  Menkaure (D:4)
  8 water moccasins
  Edmund (D:5)
  A swamp drake (Lair:1)
  4 porcupines
  An orc warrior (D:7)
  2 phantoms
  4 ice beasts
  2 ogres
  A necrophage (D:7)
  5 wolves
  3 crocodiles
  A centaur (D:8)
  4 big kobolds
  13 bullfrogs
  5 scorpions
  15 killer bees
  12 wights
  2 vampire bats (D:3)
  2 howler monkeys
  6 crimson imps
  A bullfrog zombie (D:5)
  A quasit (D:4)
  4 jellies
  4 orc priests
  6 orc wizards
  2 bullfrog skeletons
  2 centaur skeletons
  4 hounds
  5 iguanas
  Ijyb (D:4)
  8 worker ants
  A killer bee zombie (D:8)
  2 mummies
  A howler monkey skeleton (D:7)
  8 gnolls
  21 adders
  A river rat (Sewer)
  A shadow imp (D:5)
  20 white imps
  3 ufetubi (IceCv)
  4 oozes (Sewer)
  An adder zombie (D:6)
  An adder skeleton (D:8)
  4 worms
  4 dart slugs
  4 leopard geckos
  40 orcs
  4 ball pythons
  2 bat skeletons (D:3)
  4 bat zombies (D:3)
  6 giant cockroaches
  6 goblins
  5 hobgoblins
  6 jackals (D:3)
  10 quokkas
  8 bats
  A frilled lizard (D:4)
  4 gnoll skeletons (Ossuary)
  4 gnoll zombies (Ossuary)
  A goblin skeleton (Ossuary)
  2 goblin zombies (Ossuary)
  2 hobgoblin skeletons (Ossuary)
  5 hobgoblin zombies (Ossuary)
  16 kobolds
  5 kobold skeletons (Ossuary)
  2 kobold zombies (Ossuary)
  2 leopard gecko skeletons
  3 orc skeletons (Ossuary)
  An orc zombie (Ossuary)
  A quokka skeleton (D:6)
  A quokka zombie (D:5)
  11 rats
  3 rat skeletons (Ossuary)
  5 rat zombies (Ossuary)
399 creatures vanquished.

Vanquished Creatures (others)
  3 mummies (Ossuary)
  3 white imps (IceCv)
  3 goblin skeletons (Ossuary)
  2 goblin zombies (Ossuary)
  A hobgoblin zombie (Ossuary)
  A kobold skeleton (Ossuary)
  A kobold zombie (Ossuary)
  2 orc skeletons (Ossuary)
  An orc zombie (Ossuary)
  A rat skeleton (Ossuary)
  A rat zombie (Ossuary)
19 creatures vanquished.

Grand Total: 418 creatures vanquished

Notes
Turn   | Place    | Note
-------+----------+-------------------------------------------
     0 | D:1      | Andry07 the Gargoyle Fighter began the quest for the Orb.
     0 | D:1      | Reached XP level 1. HP: 14/14 MP: 1/1
   300 | D:1      | Reached XP level 2. HP: 8/19 MP: 2/2
  1072 | D:2      | Reached XP level 3. HP: 21/24 MP: 3/3
  1227 | D:2      | Reached skill level 3 in Maces & Flails
  1364 | D:2      | Reached XP level 4. HP: 30/30 MP: 4/4
  1807 | D:3      | Found an ancient bone altar of Kikubaaqudgha.
  1839 | D:3      | Reached skill level 5 in Fighting
  1839 | D:3      | Reached XP level 5. HP: 26/35 MP: 5/5
  1841 | D:3      | Reached skill level 4 in Maces & Flails
  2190 | D:3      | Gained mutation: You are dopey. (Int -2) [potion of mutation]
  2190 | D:3      | Gained mutation: You are somewhat resistant to further mutation. [potion of mutation]
  2274 | D:4      | Reached XP level 6. HP: 27/40 MP: 6/6
  2424 | D:4      | Noticed a phantom
  2458 | D:4      | Killed a phantom
  2458 | D:4      | Reached skill level 5 in Maces & Flails
  2471 | D:4      | Noticed Menkaure
  2491 | D:4      | Found a staircase to the Ecumenical Temple.
  2503 | Temple   | Entered the Ecumenical Temple
  2817 | D:4      | Killed Menkaure
  2817 | D:4      | Reached XP level 7. HP: 24/47 MP: 7/7
  2976 | D:4      | Noticed Ijyb
  2983 | D:4      | Killed Ijyb
  3040 | D:4      | You fall through a shaft!
  3040 | D:5      | Entered Level 5 of the Dungeon
  3046 | D:5      | Found a glowing drain.
  3087 | Sewer    | Entered a sewer
  3310 | Sewer    | Reached skill level 6 in Maces & Flails
  3686 | Sewer    | Reached XP level 8. HP: 52/53 MP: 8/8
  4296 | D:5      | Noticed Xenomina's ghost (novice DgFi)
  4300 | D:5      | Reached skill level 7 in Maces & Flails
  5079 | D:4      | Found a sparkling altar of Nemelex Xobeh.
  5085 | D:4      | Found a sacrificial altar of Ru.
  5088 | D:4      | Found a basalt altar of Yredelemnul.
  5089 | D:4      | Found a white marble altar of Elyvilon.
  5980 | D:5      | Noticed Edmund
  5986 | D:5      | Killed Edmund
  6007 | D:5      | Found a shimmering altar of Xom.
  6286 | D:4      | Reached XP level 9. HP: 58/62 MP: 9/9
  6431 | D:6      | Reached skill level 10 in Fighting
  6436 | D:6      | Found an opulent altar of Gozag.
  6676 | D:6      | Reached skill level 8 in Maces & Flails
  6813 | D:6      | Found a shattered altar of Ashenzari.
  6971 | D:6      | Found a deep blue altar of Sif Muna.
  7338 | D:7      | Found an iron altar of Okawaru.
  7344 | D:7      | Became a worshipper of Warmaster Okawaru
  7355 | D:7      | Found a sand-covered staircase.
  7364 | Ossuary  | Entered an ossuary
  7817 | D:7      | Found Feanoum's Book Emporium.
  7828 | D:7      | Noticed a troll
  7954 | D:6      | Killed a troll
  8203 | D:6      | Reached XP level 10. HP: 56/70 MP: 10/10
  8216 | D:7      | Reached skill level 9 in Maces & Flails
  8216 | D:7      | Reached skill level 5 in Armour
  8486 | D:7      | Found a radiant altar of Vehumet.
  8656 | D:7      | Reached * piety under Okawaru
  9060 | D:8      | Found a glowing silver altar of Zin.
  9060 | D:8      | Found a bloodstained altar of Trog.
  9380 | D:8      | Found a snail-covered altar of Cheibriados.
  9665 | D:8      | Reached ** piety under Okawaru
  9911 | D:8      | Noticed Grum
  9924 | D:8      | Killed Grum
 10037 | D:9      | Noticed a death yak
 10039 | D:9      | Noticed a death yak
 10120 | D:9      | Found a staircase to the Lair.
 10369 | D:9      | Noticed a death yak
 10371 | D:9      | Noticed a death yak
 10375 | D:9      | Noticed a death yak
 10393 | D:8      | HP: 3/71 [death yak (5)]
 10408 | D:8      | Killed a death yak
 10408 | D:8      | Reached skill level 10 in Maces & Flails
 10663 | D:9      | Killed a death yak
 10663 | D:9      | Reached *** piety under Okawaru
 10663 | D:9      | Reached XP level 11. HP: 47/76 MP: 11/11
 10923 | D:10     | Entered Level 10 of the Dungeon
 10977 | D:10     | Noticed a two-headed ogre
 11083 | D:8      | Killed a death yak
 11158 | D:8      | Killed a death yak
 11158 | D:8      | Reached skill level 11 in Maces & Flails
 11299 | D:9      | Killed a death yak
 11458 | Lair:1   | Entered Level 1 of the Lair of Beasts
 11458 | Lair:1   | Noticed Andry07's ghost (journeyman GrFi)
 11468 | Lair:1   | HP: 1/76 [Andry07's ghost (5)]
 12190 | D:10     | Noticed an ogre mage
 12190 | D:10     | Noticed a two-headed ogre
 12805 | D:9      | Killed a two-headed ogre
 12805 | D:9      | Reached **** piety under Okawaru
 13122 | D:10     | Noticed a two-headed ogre
 13122 | D:10     | Noticed a two-headed ogre
 13891 | Lair:1   | Killed Andry07's ghost
 14076 | Lair:1   | Reached skill level 10 in Armour
 14218 | Lair:1   | Reached skill level 12 in Maces & Flails
 14513 | Lair:1   | Reached ***** piety under Okawaru
 14637 | Lair:2   | Noticed a six-headed hydra
 14670 | Lair:2   | Killed a six-headed hydra
 14670 | Lair:2   | Reached XP level 12. HP: 23/81 MP: 3/12
 15075 | Lair:2   | Noticed Gastronok
 15095 | Lair:2   | Killed Gastronok
 15142 | Lair:2   | Found a hole to the Spider Nest.
 15634 | Lair:2   | Received a gift from Okawaru
 15634 | Lair:2   | Reached skill level 13 in Maces & Flails
 15828 | Lair:3   | Noticed a four-headed hydra
 15852 | Lair:2   | Killed a four-headed hydra
 15907 | Lair:3   | Found a frozen archway.
 15909 | Lair:3   | Noticed a five-headed hydra
 15943 | Lair:2   | Killed a five-headed hydra
 15943 | Lair:2   | Reached skill level 5 in Shields
 16182 | IceCv    | Entered an ice cave
 16711 | IceCv    | Got a pair of shimmering gloves
 16722 | IceCv    | Identified the cursed +0 pair of gloves of Esemmouv {rF- MR++ Regen+ Int+8} (You found it in an ice cave)
 16894 | IceCv    | Received a gift from Okawaru
 17088 | IceCv    | Engulfed by a cloud of freezing vapour

Skill      XL: |  1  2  3  4  5  6  7  8  9 10 11 12 |
---------------+-------------------------------------+-----
Fighting       | 4 5 6 7 9 11 12 | 12.0
Maces & Flails | 3 4 5 6 7 8 10 12 13 | 13.0
Armour         | 4 8 10 12 | 12.3
Shields        | 6 |  6.6

Action                   |  1- 3 |  4- 6 |  7- 9 | 10-12 || total
-------------------------+-------+-------+-------+-------++-------
Melee: Flail             |   133 |   233 |   745 |   901 ||  2012
Invok: Heroism           |       |       |       |     9 ||     9
  Use: Scroll            |       |     4 |     5 |    12 ||    21
       Potion            |       |     1 |       |     8 ||     9
 Stab: Confused          |       |       |       |     1 ||     1
  Eat: Chunk             |     2 |     4 |    18 |    19 ||    43
       Royal jelly       |       |       |     1 |     1 ||     2
       Bread ration      |       |       |       |     1 ||     1
       Fruit             |       |       |       |     4 ||     4
Armor: Scale mail        |    85 |   179 |   426 |   305 ||   995
       Chain mail        |       |       |       |   271 ||   271
Dodge: Dodged            |    55 |    86 |   208 |   250 ||   599
Block: Shield            |    66 |   142 |   385 |   401 ||   994
